[Event "Early-Titled-Tuesday-Blitz-February-27-2024"]
[Site "Chess.com"]
[Date "2024.02.27"]
[Round "9"]
[White "Chessbard1972"]
[Black "deribas12345"]
[Result "0-1"]
[WhiteElo "2455"]
[BlackElo "2582"]
[TimeControl "180+1"]
[EndTime "9:45:09 PST"]
[Termination "deribas12345 won on time"]

1. d4 Nf6 2. Nf3 c5 3. d5 b5 4. c4 Bb7 5. a4 Qa5+ 6. Bd2 b4 7. Bf4 d6 8. Nbd2 g6 9. e4 Bg7 10. h3 Nh5 11. Bh2 Bxb2 12. Be2 O-O 13. O-O Nd7 14. Rb1 Bg7 15. Re1 Nb6 16. Nb3 Qxa4 17. e5 Rfd8 18. Ng5 Rac8 19. Bxh5 Nxc4 20. Bg4 Nxe5 21. Bxc8 Rxc8 22.
f4 Nc4 23. Rxe7 Na3 24. Rxb7 Nxb1 25. Qxb1 c4 26. Nxf7 Qxb3 27. Qe1 Bd4+ 28. Kh1 Qe3 29. Qxe3 Bxe3 30. Nxd6 c3 31. Nxc8 c2 32. Rc7 b3 33.
Ne7+ Kf8 34. d6 b2 0-1

[Event "Early-Titled-Tuesday-Blitz-February-27-2024"]
[Site "Chess.com"]
[Date "2024.02.27"]
[Round "9"]
[White "Flaccidmoves"]
[Black "CarlosjPineror"]
[Result "1-0"]
[WhiteElo "2461"]
[BlackElo "2539"]
[TimeControl "180+1"]
[EndTime "9:45:09 PST"]
[Termination "Flaccidmoves won on time"]

1. c4 c5 2. Nc3 Nf6 3. g3 e6 4. Bg2 Be7 5. Nf3 O-O 6. O-O a6 7.
d4 cxd4 8. Nxd4 Nc6 9. Rb1 Qc7 10. Nxc6 dxc6 11. b4 e5 12. Qc2 Be6 13. Na4 a5 14. b5 cxb5 15. Rxb5 Qxc4 16. Qxc4 Bxc4 17. Rxb7 Bd8 18. Ba3 Re8 19. Bc6 Re6 20. Bg2 e4 21. Rc1 Bxe2 22. Nc3 Bf3 23. Nb5 h5 24. Bxf3 exf3 25.
Nd4 Re8 26. Nxf3 a4 27. Ng5 Ba5 28. Nxf7 Bd2 29. Rcc7 Nd5 30. Nh6+ Bxh6 31. Rf7 Nf6 32. Bc5 Ra6 33. Bd4 Rae6 34. Kg2 Kh7 35. Bxf6 Kg6 36. Bxg7 Bg5 37. Bc3 Bh6 38. h4 Rc6 39. Bb4 Re2 40.
a3 Be3 41. Rf3 1-0

[Event "Early-Titled-Tuesday-Blitz-February-27-2024"]
[Site "Chess.com"]
[Date "2024.02.27"]
[Round "9"]
[White "Schattman"]
[Black "JonasEilenberg"]
[Result "0-1"]
[WhiteElo "2434"]
[BlackElo "2550"]
[TimeControl "180+1"]
[EndTime "9:45:09 PST"]
[Termination "JonasEilenberg won on time"]

1. f4 d5 2. Nf3 g6 3. g3 Bg7 4. Bg2 Nf6 5. O-O O-O 6. d3 c5 7. Ne5 Nc6 8. Nxc6 bxc6 9. c4 Rb8 10. Nc3 Be6 11. cxd5 cxd5 12. e4 dxe4 13. dxe4 Bc4 14.
Re1 e5 15. Be3 Rxb2 16. Na4 Rxg2+ 17. Kxg2 Qa8 18. Nxc5 Nxe4 19. Nxe4 Qxe4+ 20. Qf3 Qc2+ 21. Kg1 exf4 22. Rac1 Qxa2 23. Qxf4 Bd5 24. Qf2 Qa4 25. Rcd1 Qe4 26. Rxd5 Qxd5 27. Bxa7 Ra8 28. Be3 h5 29. h3 Ra2 30. Re2 Qd1+ 31. Re1 Qd5 32. Re2 Ra1+ 33.
Re1 Ra6 34. h4 Re6 35. Kh2 Be5 36. Bf4 Bxf4 37. gxf4 Ra6 38. Re2 Ra3 39. Rd2 Qf5 40. Rd8+ Kh7 41. Rd2 Qh3+ 42. Kg1 Ra1+ 0-1

[Event "Early-Titled-Tuesday-Blitz-February-27-2024"]
[Site "Chess.com"]
[Date "2024.02.27"]
[Round "9"]
[White "Hikaru"]
[Black "blitzking1729"]
[Result "1-0"]
[WhiteElo "3242"]
[BlackElo "2754"]
[TimeControl "180+1"]
[EndTime "9:45:10 PST"]
[Termination "Hikaru won by resignation"]

1. h3 d5 2. d4 Nf6 3. Bf4 c5 4. e3 Nc6 5. Nc3 cxd4 6. exd4 a6 7. Qd2 e6 8. a3 b5 9. Nf3 Bd6 10. Bd3 Bb7 11. O-O O-O 12. Rfe1 Rc8 13. Ne2 Ne4 14. Qe3 f5 15. Bxd6 Qxd6 16. c3 f4 17. Qc1 Ne7 18. Ne5 Ng6 19. Nxg6 hxg6 20. f3 g5 21. Qc2 Nf6 22. Nc1 Nd7 23. Nb3 e5 24. dxe5 Nxe5 25.
Nd4 g6 26. Re2 Rce8 27. Rae1 Kf7 28. Qd1 Bc8 29. Bb1 Bd7 30. Ba2 Kg7 31. Bxd5 Qf6 32. Bb3 Rh8 33. Ne6+ Bxe6 34. Rxe5 Bxb3 35. Qd7+ Qf7 36.
Re7 Rxe7 37. Rxe7 Rf8 38. Qd4+ Kh6 39. Rxf7 Bxf7 40. Qf6 1-0

[Event "Early-Titled-Tuesday-Blitz-February-27-2024"]
[Site "Chess.com"]
[Date "2024.02.27"]
[Round "9"]
[White "Mikhail_Golubev"]
[Black "Chessmissile07"]
[Result "1-0"]
[WhiteElo "2637"]
[BlackElo "2863"]
[TimeControl "180+1"]
[EndTime "9:45:10 PST"]
[Termination "Mikhail_Golubev won by resignation"]

1. e4 a6 2. Nf3 g6 3. d4 Bg7 4. Be2 d6 5. O-O Nf6 6. Nc3 b5 7. e5 Nfd7 8. e6 fxe6 9. Ng5 Nf8 10. Bxb5+ axb5 11. Qf3 c6 12. Qf7+ Kd7 13. Qxg7 h6 14.
Nf7 Rh7 15. Qxh7 Nxh7 16. Nxd8 Kxd8 17. Bxh6 Nd7 18. Be3 Nhf6 19. f3 Nb6 20. b3 b4 21.
Ne4 Nbd5 22. Bg5 Ba6 23. Rfe1 Nxe4 24. Rxe4 Kd7 25. Rae1 Nc7 26. Bd2 Rb8 27. d5 Nxd5 28.
Rxe6 Rg8 29. R6e4 e5 30. Bxb4 g5 31. Bd2 Nf6 32. Ra4 Bc8 33. Ra7+ Ke6 34. h3 c5 35. a4 Nd5 36. a5 Bd7 37. c4 Ne7 38. Rc7 Ra8 39.
Bxg5 Rxa5 40. Bxe7 Kxe7 41. Rb7 Ra2 42. f4 Ke6 43.
fxe5 Bc6 44. Rg7 dxe5 45. Rg6+ Kd7 46. Rxe5 Rb2 47. Rxc5 Be4 48. Rh6 Rxg2+ 49. Kf1 Rb2 50. Rb5 Kc7 51. Rh4 Bc2 52. b4 Bd3+ 53. Ke1 Re2+ 54.
Kd1 Rh2 55. Rc5+ Kb7 56. Rb5+ Kc7 57. Rc5+ Kb7 58. Rd5 Bb1 59. Rb5+ Kc7 60. Rc5+ Kd7 61. Rd4+ Ke6 62. Rh5 Rb2 63. b5 Rh2 64. Kc1 Ba2 65. Kd1 Bb3+ 66. Ke1 Rh1+ 67. Kf2 Bd1 68. Kg2 Re1 69.
Rh6+ Ke5 70. Rd5+ Kf4 71. Rf6+ Ke3 72. Re6+ Kf4 73. Rxe1 Bf3+ 74. Kf2 Bxd5 75. cxd5 1-0

[Event "Early-Titled-Tuesday-Blitz-February-27-2024"]
[Site "Chess.com"]
[Date "2024.02.27"]
[Round "9"]
[White "ACollins05"]
[Black "GreenPeach24"]
[Result "0-1"]
[WhiteElo "2575"]
[BlackElo "2487"]
[TimeControl "180+1"]
[EndTime "9:45:11 PST"]
[Termination "GreenPeach24 won by resignation"]

1. d4 Nf6 2. c4 e6 3. Nf3 d5 4. g3 dxc4 5. Bg2 c5 6. O-O Nc6 7. dxc5 Qxd1 8. Rxd1 Bxc5 9. Nbd2 c3 10. bxc3 Bd7 11.
Nb3 Be7 12. Bg5 Rc8 13. Nfd4 h6 14. Bxf6 gxf6 15. Nb5 b6 16. Nd6+ Bxd6 17. Rxd6 Ke7 18. Rad1 Rhd8 19. c4 Ne5 20. c5 bxc5 21. f4 Nc4 22. Ra6 Ne3 23. Rc1 c4 24. Nd4 Rc7 25. Bf3 e5 26. fxe5 fxe5 27. Nc2 Nxc2 28. Rxc2 Be6 29.
Kf2 f5 30. e3 c3 31. Ke1 Rb8 32. Rc6 Rb1+ 33. Ke2 Bc4+ 34. Rxc4 Rxc4 35. Bd5 Rc5 36. Bb3 e4 37. h4 a5 38. Bg8 Rb2 39. Kd1 a4 40.
Kc1 a3 41. Bb3 Kf6 42. Kd1 Kg6 43. Kc1 Kh5 44. Be6 Kg4 0-1

[Event "Early-Titled-Tuesday-Blitz-February-27-2024"]
[Site "Chess.com"]
[Date "2024.02.27"]
[Round "9"]
[White "GMSrinath"]
[Black "SlavenPastar"]
[Result "1-0"]
[WhiteElo "2809"]
[BlackElo "2631"]
[TimeControl "180+1"]
[EndTime "9:45:12 PST"]
[Termination "GMSrinath won by resignation"]

1. Nf3 Nf6 2. c4 b6 3. d4 Bb7 4. a3 e6 5. Nc3 d5 6. Qc2 c5 7. cxd5 Nxd5 8. e4 Nxc3 9. bxc3 Nd7 10. Bd3 Qc7 11. O-O cxd4 12. cxd4 Qxc2 13. Bxc2 Rc8 14. Bd3 Be7 15. Bd2 O-O 16. a4 Rfd8 17. Bb1 e5 18. d5 Nc5 19. Ra2 f6 20. a5 Ba6 21. Re1 Bc4 22. Rc2 b5 23. Be3 a6 24. Nd2 Bd3 25.
Rxc5 Bxc5 26. Bxd3 Bxe3 27. fxe3 Rc3 28. Bf1 Ra3 29.
Rc1 Rxa5 30. Rc7 Ra3 31. Kf2 b4 32. Bc4 a5 33. Nb3 a4 34. Nc5 Rc3 35. Nb7 Rb8 36. d6+ Rxc4 37. Rxc4 Rxb7 38. Rc8+ Kf7 39. Rc7+ Ke6 40.
Rxb7 b3 41. d7 Ke7 42. Rb4 Kxd7 43. Rxa4 1-0

[Event "Early-Titled-Tuesday-Blitz-February-27-2024"]
[Site "Chess.com"]
[Date "2024.02.27"]
[Round "9"]
[White "Iskusnyh"]
[Black "Licancabur"]
[Result "1-0"]
[WhiteElo "2686"]
[BlackElo "2494"]
[TimeControl "180+1"]
[EndTime "9:45:12 PST"]
[Termination "Iskusnyh won on time"]

1. d4 d5 2. c4 dxc4 3. e3 e5 4. Bxc4 exd4 5. exd4 Bd6 6. Nf3 Nf6 7. O-O O-O 8. Nc3 Bg4 9. h3 Bh5 10. Bg5 h6 11.
Bh4 Nc6 12. a3 g5 13. Bg3 Bxg3 14. fxg3 Bxf3 15. Qxf3 Qxd4+ 16. Kh2 Qxc4 17. Qxf6 Qe6 18. Qf2 f5 19. Rae1 Qf7 20. Qc5 Rad8 21. Re2 Nd4 22. Ref2 b6 23. Qb4 c5 24. Qa4 Kg7 25. Ne2 Rd7 26. Nxd4 Rxd4 27. Qc6 Qd7 28. Qxd7+ Rxd7 29. Rxf5 Rxf5 30. Rxf5 Rd2 31. b4 c4 32. Re5 c3 33. Re7+ Kf6 34. Rxa7 c2 35. Rc7 Ke5 36. a4 Kd4 37. a5 Kd3 38. axb6 c1=Q 39. Rxc1 Rb2 40.
Rc6 Rxb4 41. Rxh6 Ke3 42. Rf6 Ke4 43. g4 Rb5 44. Rf5 Rxb6 45. Rxg5 Kf4 46. Re5 1-0

[Event "Early-Titled-Tuesday-Blitz-February-27-2024"]
[Site "Chess.com"]
[Date "2024.02.27"]
[Round "9"]
[White "BardArtem"]
[Black "JonSnowNW1"]
[Result "0-1"]
[WhiteElo "2726"]
[BlackElo "2536"]
[TimeControl "180+1"]
[EndTime "9:45:12 PST"]
[Termination "JonSnowNW1 won by resignation"]

1. d4 d5 2. c4 c6 3. Bf4 Nf6 4. e3 e6 5. Nc3 Nbd7 6. Nf3 Be7 7.
Ne5 Nxe5 8. Bxe5 O-O 9. Bd3 Nd7 10. Bg3 dxc4 11. Bxc4 b5 12. Bd3 a6 13. O-O c5 14.
Be4 Ra7 15. d5 exd5 16. Nxd5 Nf6 17. Nxe7+ Rxe7 18. Bf3 Bf5 19. Qd6 Re6 20. Qxc5 Be4 21. Rfd1 Qa8 22. Bxe4 Nxe4 23. Qd5 Qc8 24. Rac1 Qe8 25.
Qb7 h5 26. Bf4 Rg6 27. f3 Nf6 28.
e4 Qe6 29. Rc6 Qxa2 30. Be5 Qb3 31. Rf1 Qe3+ 32. Kh1 Qe2 33. Rg1 Rxg2 34. Rxf6 Rxg1+ 35. Kxg1 gxf6 36. Bg3 Rd8 37. Be1 Rd1 38. Qc8+ Kh7 39. Qf5+ Kg7 40. Qg4+ hxg4 0-1

[Event "Early-Titled-Tuesday-Blitz-February-27-2024"]
[Site "Chess.com"]
[Date "2024.02.27"]
[Round "9"]
[White "newauto"]
[Black "pfalcon1949"]
[Result "1/2-1/2"]
[WhiteElo "2208"]
[BlackElo "1904"]
[TimeControl "180+1"]
[EndTime "9:45:13 PST"]
[Termination "Game drawn by repetition"]

1. d4 Nf6 2. Nf3 d5 3. Bg5 c5 4.
e3 Nc6 5. Nbd2 Qb6 6. dxc5 Qxc5 7. c3 e5 8. Nb3 Qd6 9. Be2 Be6 10.
O-O Be7 11. Re1 O-O 12. Qc2 Rac8 13. Rad1 Rfd8 14. Qb1 h6 15. Bh4 g5 16. Bg3 Ne4 17. Bf1 Nxg3 18. hxg3 e4 19. Nfd4 Nxd4 20. Nxd4 Qe5 21. Be2 Bf6 22. Rc1 Bg7 23. Qc2 Bd7 24. Qb3 Bc6 25. c4 f5 26. Nxc6 bxc6 27. cxd5 cxd5 28. Rxc8 Rxc8 29. Rd1 Rd8 30. Rxd5 Rxd5 31. Bc4 Qxb2 32. Bxd5+ Kh7 33. Bg8+ Kh8 34. Qxb2 Bxb2 35. Be6 f4 36. gxf4 gxf4 37. exf4 Bc1 38. g3 e3 39. fxe3 Bxe3+ 40. Kg2 Kg7 41. Kf3 Bb6 42. Bd5 Kf6 43. Kg4 Bc5 44. a4 Kg6 45. Be4+ Kf6 46. Kh5 Bf2 47. g4 Be3 48. f5 Bg5 49. a5 Bf4 50. a6 Bg5 51. Bf3 Bf4 52. Kh4 Bg5+ 53. Kg3 Ke5 54. Kf2 Kd4 55. Ke2 Bf6 56. Bg2 Bg5 57. Kf3 Bf6 58. Kf4 Bg5+ 59. Kf3 Bf6 60. Bf1 Bg5 61. Be2 Bf6 62. Bd1 Bg5 63. Bc2 Bf6 64. Kf4 Bg5+ 65. Kf3 Bf6 66. Kg3 Bg5 67. Kf3 1/2-1/2

[Event "Early-Titled-Tuesday-Blitz-February-27-2024"]
[Site "Chess.com"]
[Date "2024.02.27"]
[Round "9"]
[White "Nouali_Mohamed"]
[Black "lagunanivaria"]
[Result "1-0"]
[WhiteElo "2535"]
[BlackElo "2427"]
[TimeControl "180+1"]
[EndTime "9:45:15 PST"]
[Termination "Nouali_Mohamed won by checkmate"]

1. e4 e5 2. Bc4 Nf6 3. Nc3 c6 4. d4 exd4 5. Qxd4 Qb6 6. Qxb6 axb6 7. e5 Ng4 8. Nf3 Bc5 9. Ne4 O-O 10. h3 Nxe5 11.
Nxe5 d5 12. Nxc5 dxc4 13. Ne4 Re8 14. f4 Re6 15. Ng5 Re8 16. Nxf7 Be6 17. Nd6 Rd8 18.
Ndxc4 Na6 19. Nxb6 Rab8 20. Bd2 c5 21. Bc3 Rd6 22.
Nbc4 Rdd8 23. a4 Nc7 24. Ba5 Rbc8 25. Nb6 Rb8 26. Nbd7 Rbc8 27. Nxc5 Rd5 28. Nxe6 Nxe6 29. Bc3 Nxf4 30. Kf2 Rf8 31. Ke3 Rdd8 32. Rhf1 Nxg2+ 33. Ke4 Rfe8 34. Rad1 Rc8 35. Rd7 Nh4 36. Rff7 Ng6 37. Rxg7+ Kh8 38. Rxh7+ Kg8 39. Rdg7+ Kf8 40. Rxg6 Re6 41.
Rf7+ Ke8 42. Rg8# 1-0

[Event "Early-Titled-Tuesday-Blitz-February-27-2024"]
[Site "Chess.com"]
[Date "2024.02.27"]
[Round "9"]
[White "Tugrik1969"]
[Black "C_K_G"]
[Result "1-0"]
[WhiteElo "2377"]
[BlackElo "2164"]
[TimeControl "180+1"]
[EndTime "9:45:15 PST"]
[Termination "Tugrik1969 won on time"]

1. d4 d5 2. c4 e6 3. Nf3 Nf6 4.
g3 b6 5. cxd5 exd5 6. Bg2 Bb7 7.
O-O Nbd7 8. Nc3 Be7 9. Nh4 O-O 10. Nf5 Re8 11. Bf4 a6 12. Rc1 Bf8 13. Qb3 c5 14. Nxd5 cxd4 15. Nxf6+ Qxf6 16. Bxb7 Ra7 17. Qd5 Nc5 18. Rxc5 bxc5 19. e4 Rd8 20. Qc6 Qe6 21. h4 d3 22. Rd1 Qxa2 23. Qc7 Re8 24. Ne3 Qxb2 25. Qc6 Rd8 26. Bxa6 d2 27. Be2 Qb3 28. Nd5 c4 29. Bc7 Rc8 30. Qd7 Rca8 31. Qc6 1-0

[Event "Early-Titled-Tuesday-Blitz-February-27-2024"]
[Site "Chess.com"]
[Date "2024.02.27"]
[Round "9"]
[White "chess94cu"]
[Black "SharapovEvgeny"]
[Result "1-0"]
[WhiteElo "2685"]
[BlackElo "2511"]
[TimeControl "180+1"]
[EndTime "9:45:16 PST"]
[Termination "chess94cu won by resignation"]

1. e4 c5 2. Nf3 d6 3. d4 cxd4 4. Nxd4 Nf6 5. Nc3 Nc6 6. Bg5 e6 7. Qd2 Be7 8. O-O-O O-O 9. f3 Nxd4 10. Qxd4 Qa5 11. h4 Rd8 12. Kb1 Bd7 13. Qd2 Bc6 14.
Bd3 Qc7 15. g4 d5 16. e5 Ne8 17. Bxe7 Qxe7 18. g5 Nc7 19. h5 d4 20. Ne4 Bxe4 21.
Bxe4 Nd5 22. g6 Ne3 23. gxh7+ Kh8 24. Rdg1 Qc5 25. f4 Rac8 26. Qf2 Nf5 27. Bxf5 exf5 28.
Qg2 Qf8 29. Qg5 Rc6 30. Qxf5 Rdc8 31. Rg2 Rh6 32. Qd3 Qc5 33. Qf5 Rxh7 34. Qxf7 d3 35. cxd3 Qe3 36. Qd7 Rf8 37. e6 g5 38. Qd6 Qxf4 39. Qc5 Re8 40. Rxg5 Rxe6 41. Qc8+ 1-0

[Event "Early-Titled-Tuesday-Blitz-February-27-2024"]
[Site "Chess.com"]
[Date "2024.02.27"]
[Round "9"]
[White "RobertoJBM"]
[Black "Rurep26"]
[Result "1/2-1/2"]
[WhiteElo "2847"]
[BlackElo "2715"]
[TimeControl "180+1"]
[EndTime "9:45:17 PST"]
[Termination "Game drawn by repetition"]

1. d4 e6 2. Nf3 Nf6 3. c4 b6 4. g3 Ba6 5. Qa4 Bb7 6. Bg2 c5 7. O-O cxd4 8. Nxd4 Bxg2 9. Kxg2 Be7 10. Rd1 O-O 11.
Nc3 Qc7 12. Bg5 h6 13. Bxf6 Bxf6 14. Ne4 Qb7 15. f3 Be7 16. Nb5 Qc6 17. Qb3 Na6 18. Qd3 Rfd8 19. Ned6 Nc5 20. Qd4 Bf6 21. Qd2 Na4 22.
Rab1 a6 23. Nc3 Bxc3 24. bxc3 b5 25. cxb5 axb5 26. Rdc1 Nb6 27. Nxb5 Nc4 28. Qd3 Rxa2 29. Nd4 Qa6 30. Rb4 d5 31. Nb3 Qa3 32. Rxc4 dxc4 33. Qxd8+ Kh7 34. Rd1 Qxb3 35. Rd7 Rxe2+ 36. Kh3 Qc2 37.
g4 Rxh2+ 38. Kg3 Qf2+ 39. Kf4 Qe1 40. Rxf7 Qc1+ 41. Kg3 Qg1+ 42. Kf4 Re2 43. Rxg7+ Kxg7 44. Qe7+ Kg6 45. Qe8+ Kg7 46. Qe7+ Kg8 47. Qe8+ Kg7 48. Qe7+ 1/2-1/2

[Event "Early-Titled-Tuesday-Blitz-February-27-2024"]
[Site "Chess.com"]
[Date "2024.02.27"]
[Round "9"]
[White "publicaccountcze"]
[Black "cthake"]
[Result "1-0"]
[WhiteElo "2225"]
[BlackElo "1824"]
[TimeControl "180+1"]
[EndTime "9:45:17 PST"]
[Termination "publicaccountcze won on time"]

1. e4 c5 2. Nc3 a6 3. f4 e6 4. Nf3 b5 5. d4 b4 6. Ne2 d6 7. Be3 c4 8. c3 a5 9. d5 Nf6 10. dxe6 fxe6 11. e5 Nd5 12. Bd4 Nc6 13. exd6 Qxd6 14.
Ne5 Nxd4 15. Qxd4 Ba6 16. Ng3 Be7 17. Ne4 Qc7 18. Bxc4 Bxc4 19. Qxc4 Qxc4 20. Nxc4 bxc3 21. bxc3 Nxf4 22. Ncd6+ Bxd6 23. Nxd6+ Kd7 24. O-O-O Nd5 25.
Nf7 Rhc8 26. Ne5+ Kd6 27. Rhe1 Rxc3+ 28. Kb2 Rb8+ 29. Ka1 Ke7 30. Rxd5 exd5 31. Nc6+ Kd6 32. Nxb8 Rc2 33. Rg1 d4 34. Kb1 d3 35. Rd1 Rxg2 36.
Rxd3+ Kc5 37. Nd7+ Kc4 38. Ne5+ Kc5 39. h3 h5 40. Rg3 Rh2 41. Nf3 Rh1+ 42. Kb2 Rh2+ 43. Nxh2 1-0

[Event "Early-Titled-Tuesday-Blitz-February-27-2024"]
[Site "Chess.com"]
[Date "2024.02.27"]
[Round "9"]
[White "viktorskliarov"]
[Black "Der_Balak_3Halak"]
[Result "1-0"]
[WhiteElo "2584"]
[BlackElo "2456"]
[TimeControl "180+1"]
[EndTime "9:45:18 PST"]
[Termination "viktorskliarov won by resignation"]

1. e4 c6 2. d4 d5 3. e5 Bf5 4. Nf3 e6 5. Be2 c5 6. Be3 Nc6 7. Nc3 Nge7 8. dxc5 Ng6 9. Nd4 Nxd4 10. Qxd4 Ne7 11.
Qa4+ Nc6 12. Nb5 Rc8 13. O-O Qa5 14. Qxa5 Nxa5 15. Nxa7 Rxc5 16. Bxc5 Bxc5 17. Nb5 Nc6 18. Bd3 g6 19. Bxf5 gxf5 20. Rfe1 Ke7 21. c3 Rg8 22. b4 Bb6 23. Nd6 Rg4 24. Nxb7 Rc4 25. Rac1 d4 26. cxd4 Rxc1 27. Rxc1 Nxd4 28. Kf1 Kf8 29.
a4 Nb3 30. Rc8+ Kg7 31. a5 Bd4 32. f4 Nd2+ 33. Ke2 Ne4 34. Nc5 Nc3+ 35. Kd3 Nb5 36. Kc4 Bxc5 37. Kxc5 Na3 38. a6 f6 39. a7 fxe5 40.
a8=Q exf4 41. Qxa3 Kf6 42. Qc3+ Kg5 43. Qg7+ Kh5 44.
Rh8 1-0

[Event "Early-Titled-Tuesday-Blitz-February-27-2024"]
[Site "Chess.com"]
[Date "2024.02.27"]
[Round "9"]
[White "FredddieCroderg"]
[Black "KorolDimitriy75"]
[Result "0-1"]
[WhiteElo "2288"]
[BlackElo "2416"]
[TimeControl "180+1"]
[EndTime "9:45:18 PST"]
[Termination "KorolDimitriy75 won by checkmate"]

1. e4 c5 2. Bc4 Nc6 3. d3 g6 4.
Qf3 Ne5 5. Qg3 Nxc4 6. dxc4 Bg7 7. Nc3 d6 8. Bg5 Be6 9. b3 Nf6 10. O-O-O Qa5 11. Bd2 Qa3+ 12. Kb1 Nxe4 13. Qe3 Nxd2+ 14. Rxd2 Bxc4 15. Nf3 O-O 16. h4 a5 17. h5 a4 18.
hxg6 hxg6 19. Ng5 axb3 20. cxb3 Bxb3 21. Qh3 Rfd8 22. Rb2 Bc4 23. Nge4 d5 24. Ng5 Qxc3 25. Qxc3 Bxc3 26. Rxb7 Rdb8 27. Rxb8+ Rxb8+ 28. Kc2 d4 29. Rb1 Bd3+ 30. Kxd3 Rxb1 31. Kc4 Rb2 32. Kxc5 Rxa2 33. Kc6 Rxf2 34. Kd7 Rxg2 35. Ke8 Rxg5 36. Kxe7 Rf5 37. Ke8 d3 38. Kd8 d2 39. Kc8 d1=Q 40. Kb8 Be1 41. Ka7 Rf2 42. Kb6 Rc2 43. Ka6 Qb1 44. Ka7 Ra2# 0-1

[Event "Early-Titled-Tuesday-Blitz-February-27-2024"]
[Site "Chess.com"]
[Date "2024.02.27"]
[Round "9"]
[White "kidagent"]
[Black "GatoRojo150"]
[Result "1-0"]
[WhiteElo "2370"]
[BlackElo "2564"]
[TimeControl "180+1"]
[EndTime "9:45:19 PST"]
[Termination "kidagent won by checkmate"]

1. c4 e6 2. g3 d5 3. Bg2 c5 4. cxd5 exd5 5. Nf3 Nc6 6. d4 Nf6 7. O-O c4 8. Nc3 Be7 9. Bg5 Be6 10. Rc1 O-O 11. b3 Ba3 12. bxc4 Bxc1 13. Qxc1 dxc4 14. d5 Bxd5 15. Bxf6 Qxf6 16. Nxd5 Qd6 17. Qxc4 Na5 18. Qd3 Rad8 19. Rd1 Qc5 20. Ng5 g6 21. Ne4 Qc4 22.
Ndf6+ Kg7 23. Qxd8 Rxd8 24. Rxd8 Qxe2 25. h4 Qe1+ 26.
Kh2 h5 27. Rg8+ Kh6 28. Ng5 Qe7 29. Nfe4 f6 30. Rh8+ Kg7 31. Rh7+ Kf8 32. Rxe7 Kxe7 33. Nf3 f5 34. Nc3 Nc4 35. Nd4 a6 36. Bxb7 a5 37.
Bd5 Nd2 38. Nc6+ Kd6 39. Nxa5 Kc5 40. Nb3+ Nxb3 41. Bxb3 Kb4 42. Nd5+ Ka3 43. Ne7 g5 44. hxg5 f4 45. gxf4 h4 46. g6 h3 47. g7 Kb2 48. g8=Q Kc1 49. Qd5 Kb2 50. Qd3 Ka1 51. Qd2 Kb1 52. a4 Ka1 53. Qa2# 1-0

[Event "Early-Titled-Tuesday-Blitz-February-27-2024"]
[Site "Chess.com"]
[Date "2024.02.27"]
[Round "9"]
[White "KhazhatulyAlikhan"]
[Black "Statham_01"]
[Result "0-1"]
[WhiteElo "2437"]
[BlackElo "2569"]
[TimeControl "180+1"]
[EndTime "9:45:19 PST"]
[Termination "Statham_01 won on time"]

1. e4 e5 2. Nf3 Nf6 3. Nc3 Nc6 4. Bb5 Nd4 5. Bc4 c6 6. Nxe5 d5 7. exd5 Bd6 8. Nf3 Qe7+ 9. Kf1 Bg4 10. Be2 Bxf3 11. Bxf3 cxd5 12. Nxd5 Nxd5 13. Bxd5 Rd8 14. c3 Bc7 15. Qa4+ Nc6 16. Bxc6+ bxc6 17. Qxc6+ Rd7 18. d4 O-O 19. Bg5 f6 20. Re1 Qf7 21. Bc1 Rd6 22. Qe4 Qxa2 23. Bf4 Rb6 24. Bc1 Kh8 25. g3 f5 26. Qf3 f4 27. g4 Rg6 28. h3 h5 29. Qe4 Qa6+ 30. Kg2 f3+ 31. Kg1 Rff6 32. Qe8+ Kh7 33. Qe4 Qd6 34. g5 Re6 35.
Qxe6 Rxe6 36. Rxe6 Qxe6 37. Be3 Qe4 0-1

[Event "Early-Titled-Tuesday-Blitz-February-27-2024"]
[Site "Chess.com"]
[Date "2024.02.27"]
[Round "9"]
[White "starworld123"]
[Black "Sanan_Sjugirov"]
[Result "0-1"]
[WhiteElo "2856"]
[BlackElo "2985"]
[TimeControl "180+1"]
[EndTime "9:45:20 PST"]
[Termination "Sanan_Sjugirov won by checkmate"]

1. a3 e5 2. c3 d5 3. d4 Nc6 4. dxe5 Nxe5 5. Bf4 Ng6 6. Bg3 Nf6 7. Nd2 h5 8. h3 Bd6 9. Bxd6 Qxd6 10. e3 Bf5 11.
Ngf3 O-O-O 12. Nd4 Bd7 13. b4 Rhe8 14. c4 dxc4 15.
Nxc4 Qe7 16. Be2 Ne4 17. Rc1 Kb8 18. Qc2 Nh4 19. Bf3 Nxf3+ 20. gxf3 Ng5 21. Na5 Rc8 22. h4 Ne6 23. Qe4 c6 24. Qe5+ Nc7 25. Qxh5 Nd5 26. Qg5 f6 27. Qg3+ Ka8 28. Kd2 c5 29. bxc5 Rxc5 30. Nab3 Rxc1 31. Rxc1 Qxa3 32. Qxg7 Qb4+ 33. Kd1 Ba4 34. Kc2 Bxb3+ 35. Nxb3 Qc3+ 36. Kd1 Qxb3+ 37. Ke2 Qb5+ 38. Ke1 Nf4 39. Qc7 Qe2# 0-1

[Event "Early-Titled-Tuesday-Blitz-February-27-2024"]
[Site "Chess.com"]
[Date "2024.02.27"]
[Round "9"]
[White "SuperBlitz2013"]
[Black "Leebit02"]
[Result "0-1"]
[WhiteElo "2260"]
[BlackElo "2542"]
[TimeControl "180+1"]
[EndTime "9:45:20 PST"]
[Termination "Leebit02 won on time"]

1. e4 c5 2. Nf3 e6 3. d4 cxd4 4.
Nxd4 Nc6 5. Nb5 d6 6. c4 Nf6 7. N1c3 Be7 8. Be2 O-O 9. O-O a6 10. Na3 Bd7 11. Be3 Rc8 12. Rc1 Ne5 13. Qb3 Qc7 14. Bb6 Qb8 15. Rfd1 Bc6 16. f3 h5 17. Rd2 h4 18. h3 Ng6 19. Rcd1 Nh5 20. Bf1 Bg5 21.
Rxd6 Bf4 22. c5 Bxd6 23. cxd6 Bd7 24. Nc4 Rc6 25. e5 Rfc8 26. Bc7 Qa7+ 27. Bb6 Qb8 28. Bc7 R8xc7 29. dxc7 Qxc7 30. Nd6 Nxe5 31. Qxb7 Nf4 32. Qxc7 Rxc7 33. Bxa6 Bc6 34. Bf1 Rd7 35. Nde4 Rb7 36. b3 Ra7 37. a4 Nd5 38. Nxd5 Bxd5 39. Ra1 Bxb3 40. a5 Bc4 41. Bxc4 Nxc4 42. a6 Kf8 43. Nc5 Ke7 44. Ra4 Nd6 0-1

[Event "Early-Titled-Tuesday-Blitz-February-27-2024"]
[Site "Chess.com"]
[Date "2024.02.27"]
[Round "9"]
[White "sorch29"]
[Black "Austen48"]
[Result "1-0"]
[WhiteElo "2401"]
[BlackElo "2252"]
[TimeControl "180+1"]
[EndTime "9:45:21 PST"]
[Termination "sorch29 won by resignation"]

1. d4 Nf6 2. c4 e6 3. Nc3 Bb4 4.
e3 O-O 5. Bd3 d5 6. Ne2 c5 7.
cxd5 exd5 8. a3 Bxc3+ 9. Nxc3 cxd4 10. exd4 Re8+ 11. Ne2 Nc6 12. O-O h6 13. h3 Qb6 14.
b4 Ne4 15. Be3 Bf5 16. Qb3 Rad8 17. Rfd1 Ne7 18. a4 Qf6 19. Nf4 g5 20. Ne2 Ng6 21.
Rac1 Nh4 22. Kh2 Qd6+ 23. Kh1 Qe6 24. Kh2 Rd7 25. Re1 Qd6+ 26. Kh1 g4 27. Nf4 gxh3 28. gxh3 Kh8 29. Be2 Rg8 30. Rg1 Rdd8 31. Rcf1 Qd7 32.
Rxg8+ Rxg8 33. Rg1 Bxh3 34. Rxg8+ Kxg8 35. Qd1 Bg2+ 36.
Kh2 Qf5 37. Qg1 Qg5 38. Nxg2 Nxg2 39. Qxg2 Qxg2+ 40. Kxg2 Nc3 41. Bb5 a6 42. Bd7 Kf8 43.
a5 Ke7 44. Bc8 Na2 45. Bd2 1-0

[Event "Early-Titled-Tuesday-Blitz-February-27-2024"]
[Site "Chess.com"]
[Date "2024.02.27"]
[Round "9"]
[White "RJRA94"]
[Black "shirovin"]
[Result "1-0"]
[WhiteElo "2306"]
[BlackElo "2072"]
[TimeControl "180+1"]
[EndTime "9:45:21 PST"]
[Termination "RJRA94 won on time"]

1. e4 c5 2. Nf3 d6 3. d4 cxd4 4. c3 d3 5. Bxd3 Nf6 6. O-O g6 7. e5 dxe5 8. Nxe5 Bg7 9. Bc4 O-O 10.
Bxf7+ Kh8 11. Qxd8 Rxd8 12. Bb3 Rf8 13. Nf7+ Kg8 14. Nd6+ Kh8 15. Nxc8 Rxc8 16. Re1 Nc6 17. h3 a5 18. a4 Rd8 19. Na3 Nd5 20. Bg5 h6 21.
Be3 Nxe3 22. Rxe3 Rd2 23. Bc2 Rad8 24. Rae1 e5 25. R3e2 Bf8 26. Nc4 Rxe2 27. Rxe2 Bg7 28.
Bxg6 Rd1+ 29. Kh2 Bf6 30. Be4 Bg5 31. g3 Be7 32. Bxc6 bxc6 33. Nxe5 Bd6 34. Nf7+ Kg7 35. Nxd6 Rxd6 36. b4 axb4 37. cxb4 Rd4 38. Rb2 Rd3 39. b5 cxb5 40. axb5 Rd8 41. b6 Kf7 42. b7 Rb8 43. g4 Ke6 44. Kg3 Ke5 45. f4+ Ke4 46. h4 Kd5 47. h5 Ke4 48. Rb4+ Kd5 49. g5 hxg5 50. fxg5 Ke5 51. Kg4 Ke6 52. h6 Kf7 53. Kh5 Kg8 54. g6 Kh8 55. Rc4 1-0